AoeStats
← Destiny9x

Black Forest

510195276Analyzed
4v4 RM · 2d ago on Sep 29, 2026· 73m 48s· 8 players
Game mode
Random Map
Map size
Large (8 player)
Population
200
Speed
Normal
Resources
Standard
Victory
Conquest
Starting age
Dark Age
Ending age
Imperial Age
RankedLock teamsTeams togetherTeam positionsShared explorationLock speedFull tech treeHidden civsTurbo modeCheats
Victory
Defeat
🇩🇪 Persians · Germany
814
+11
🇪🇸 Teutons · Spain
711
+16
🇩🇪 Britons · Germany
609
+20
🇩🇪 Khmer · Germany
597
+20
🇨🇱 Celts · Chile
722
-18
🇵🇪 Japanese · Peru
721
-18
🇨🇱 Franks · Chile
687
-37
🇵🇪 Huns · Peru
667
-15
JUNIORPLAYBOY
6:09 Loom
12:45 Feudal Age
13:31 Double-Bit Axe
16:10 Wheelbarrow
19:15 Fletching
23:41 Castle Age
24:14 Forging
24:31 Horse Collar
24:55 Bodkin Arrow
26:57 Caravan
29:24 Hand Cart
36:47 Imperial Age
35:28 Stronghold
37:07 Iron Casting
37:05 Ballistics
39:41 Chemistry
38:30 Arrowslits
38:42 Murder Holes
38:50 Scale Mail Armor
39:34 Gambesons
39:42 Arson
41:07 Heavy Plow
41:45 Furor Celtica
42:18 Chain Mail Armor
44:00 Blast Furnace
43:57 Elite Woad Raider
46:16 Heavy Scorpion
48:08 Town Watch
48:14 Town Watch
ASTEROIDE B612
1:42 Loom
16:19 Feudal Age
17:21 Double-Bit Axe
17:29 Stone Mining
21:39 Castle Age
21:02 Horse Collar
23:45 Bow Saw
25:52 Heavy Plow
26:32 Wheelbarrow
26:38 Gold Mining
29:20 Hand Cart
28:55 Treadmill Crane
30:41 Ballistics
32:05 Yasama
34:40 Imperial Age
34:12 Town Watch
34:19 Fletching
34:41 Forging
35:20 Caravan
36:31 Kataparuto
36:36 Conscription
36:31 Bodkin Arrow
36:39 Padded Archer Armor
36:40 Scale Mail Armor
37:53 Two-Man Saw
37:13 Town Patrol
37:38 Squires
37:24 Gambesons
38:29 Bracer
38:37 Siege Engineers
38:45 Masonry
39:19 Arson
43:11 Iron Casting
42:52 Chain Mail Armor
42:44 Scale Barding Armor
43:31 Elite Samurai
47:29 Chemistry
47:11 Plate Mail Armor
46:59 Leather Archer Armor
47:45 Blast Furnace
47:07 Chain Barding Armor
46:37 Pikeman
47:44 Halberdier
49:41 Ring Archer Armor
48:35 Elite Skirmisher
49:21 Thumb Ring
54:07 Murder Holes
rr7246617
5:37 Loom
10:24 Feudal Age
17:23 Castle Age
15:31 Horse Collar
16:09 Double-Bit Axe
24:24 Bow Saw
26:02 Heavy Plow
27:28 Wheelbarrow
29:12 Bloodlines
29:13 Marauders
31:40 Husbandry
31:48 Scale Barding Armor
31:55 Forging
33:04 Caravan
33:45 Ballistics
33:37 Gold Mining
35:39 Gold Shaft Mining
38:55 Imperial Age
37:05 Hand Cart
38:02 Chain Barding Armor
38:19 Iron Casting
38:59 Elite Tarkan
41:02 Two-Man Saw
41:25 Plate Barding Armor
43:50 Blast Furnace
54:16 Fletching
54:28 Padded Archer Armor
54:59 Heavy Cavalry Archer
56:07 Parthian Tactics
55:08 Crossbowman
55:55 Thumb Ring
55:55 Bodkin Arrow
56:17 Leather Archer Armor
56:23 Elite Skirmisher
57:09 Bracer
brian.contreras.p
13:30 Feudal Age
14:54 Double-Bit Axe
19:21 Wheelbarrow
22:15 Castle Age
21:30 Scale Barding Armor
21:28 Scale Mail Armor
24:12 Husbandry
25:18 Hand Cart
25:00 Gold Mining
29:11 Bow Saw
29:46 Gold Shaft Mining
32:05 Chain Barding Armor
37:44 Ordonnance Companies
39:03 Stone Mining
42:09 Imperial Age
42:22 Elite Throwing Axeman
46:13 Chivalry
46:46 Town Watch
46:30 Cavalier
46:40 Onager
52:55 Hoardings
52:48 Conscription
55:18 Paladin
62:25 Coinage
61:56 Caravan
65:18 Chain Mail Armor
65:39 Plate Barding Armor
65:04 Padded Archer Armor
64:55 Fletching
65:16 Forging
65:45 Banking
Ser_Gen_T
3:53 Loom
13:13 Feudal Age
13:59 Horse Collar
14:07 Double-Bit Axe
16:14 Gold Mining
20:53 Castle Age
22:15 Bow Saw
22:08 Heavy Plow
24:26 Gold Shaft Mining
30:25 Imperial Age
32:35 Forging
32:27 Scale Mail Armor
32:34 Scale Barding Armor
32:32 Padded Archer Armor
32:23 Fletching
34:15 Caravan
34:46 Stone Mining
35:35 Crop Rotation
38:14 Iron Casting
37:55 Chain Mail Armor
38:00 Chain Barding Armor
37:58 Elite Battle Elephant
38:40 Husbandry
38:50 Bloodlines
38:56 Elite Ballista Elephant
39:58 Conscription
39:38 Tusk Swords
39:39 Double Crossbow
39:39 Pikeman
40:57 Halberdier
56:59 Plate Barding Armor
57:25 Blast Furnace
Maga92
0:56 Loom
13:51 Feudal Age
14:58 Horse Collar
15:05 Double-Bit Axe
22:05 Castle Age
20:33 Scale Mail Armor
23:45 Forging
23:50 Chain Mail Armor
25:27 Heavy Plow
28:41 Fervor
28:59 Sanctity
29:04 Devotion
29:16 Redemption
30:14 Town Watch
31:07 Wheelbarrow
36:05 Imperial Age
35:12 Ironclad
34:45 Arson
35:01 Squires
35:39 Iron Casting
34:56 Fletching
36:24 Capped Ram
36:30 Elite Teutonic Knight
42:14 Blast Furnace
41:44 Plate Mail Armor
43:13 Ballistics
43:53 Chemistry
43:16 Ballistics
44:31 Bodkin Arrow
47:41 Pikeman
48:36 Fortified Wall
51:36 Halberdier
51:48 Heavy Scorpion
66:52 Crenellations
Destiny9x
11:39 Feudal Age
12:49 Double-Bit Axe
15:35 Fletching
15:45 Padded Archer Armor
15:37 Horse Collar
22:14 Castle Age
21:58 Stone Mining
22:00 Gold Mining
22:05 Stone Mining
24:54 Gold Shaft Mining
24:22 Heavy Plow
24:35 Bow Saw
28:26 Bodkin Arrow
28:46 Leather Archer Armor
28:42 Forging
30:44 Treadmill Crane
31:55 Iron Casting
34:40 Imperial Age
35:04 Caravan
36:49 Wheelbarrow
36:10 Heated Shot
37:21 Chemistry
36:42 Ballistics
37:33 Yeomen
38:05 Hoardings
40:29 Two-Man Saw
40:33 Blast Furnace
39:34 Bracer
40:04 Ring Archer Armor
39:55 Elite Longbowman
44:59 Hand Cart
50:52 Warwolf
51:12 Warwolf
51:18 Warwolf
54:46 Onager
AramPseudoGerman
5:04 Loom
12:26 Feudal Age
12:53 Horse Collar
13:59 Wheelbarrow
13:13 Double-Bit Axe
16:45 Gold Mining
21:57 Castle Age
22:12 Stone Mining
22:45 Bow Saw
23:05 Hand Cart
22:55 Heavy Plow
23:35 Stone Shaft Mining
23:43 Gold Shaft Mining
27:38 Caravan
32:22 Forging
32:17 Scale Barding Armor
36:21 Imperial Age
34:59 Iron Casting
34:45 Chain Barding Armor
34:25 Scale Mail Armor
34:50 Town Watch
36:22 Masonry
36:31 Kamandaran
36:35 Padded Archer Armor
36:25 Fletching
36:45 Town Patrol
37:08 Guilds
37:31 Crop Rotation
38:43 Plate Barding Armor
39:10 Blast Furnace
38:45 Leather Archer Armor
38:48 Chain Mail Armor
40:14 Two-Man Saw
39:26 Pikeman
39:54 Arson
39:31 Elite War Elephant
40:35 Conscription
39:46 Elite Skirmisher
41:18 Architecture
41:09 Ballistics
41:49 Chemistry
42:00 Plate Mail Armor
40:53 Halberdier
41:36 Squires
42:18 Thumb Ring
41:36 Crossbowman
44:36 Coinage
44:39 Ring Archer Armor
44:08 Bodkin Arrow
45:12 Citadels
46:47 Banking
46:39 Heavy Camel Rider
47:21 Husbandry
47:35 Bloodlines
49:36 Hoardings
49:02 Murder Holes
50:39 Cavalier
58:12 Light Cavalry
72:59 Savar
Connection lost

Rejoining the realm…

Still unreachable

The connection could not be restored.

Session expired

The server has moved on; the page needs a fresh start.